Map: [ESL] Crimson Court

Players

Nanami - Winner!

  • Race: Protoss Protoss
  • Spawn Location: 7:00

Lemon

  • Race: Protoss Protoss
  • Spawn Location: 1:00

Event: ESL SC2 Masters 2024 Spring (Regional)

VOD

Have the link to the VOD?

Description

Time

  • Played on: April 27, 2024, 5:47 a.m.
  • Length: 17:21

All games in this series

Show
View Real Time Build Order
Export as new Build Order

Nanami Protoss - Winner!

Build Orders:  

Get SALT Encoding   

  12  0:00  Probe  
  13  0:12  Probe  
  14  0:17  Pylon  
  14  0:24  Probe (Chrono Boost)  
  15  0:36  Probe (Chrono Boost), Gateway  
  16  0:44  Probe (Chrono Boost)  
  16  0:45  Assimilator  
  17  0:51  Probe  
  17  0:53  Assimilator  
  18  1:03  Probe (Chrono Boost)  
  19  1:07  Gateway  
  19  1:12  Probe (Chrono Boost)  
  19  1:17  Probe (Chrono Boost)  
  20  1:23  Cybernetics Core  
  21  1:29  Probe  
  22  1:35  Pylon  
  22  1:41  Probe  
  23  2:00  Stalker  
  25  2:01  Robotics Facility  
  25  2:07  Stalker  
  27  2:10  Warp Gate  
  27  2:18  Pylon  
  27  2:30  Stalker  
  29  2:37  Stalker  
  31  2:47  Immortal (Chrono Boost)  
  35  3:16  Warp Prism (Chrono Boost)  
  37  3:21  Pylon  
  37  3:28  Gateway  
  37  3:40  Stargate  
  37  3:45  Immortal  
  41  4:01  Sentry  
  43  4:16  Nexus  
  44  4:31  Phoenix (Chrono Boost)  
  46  4:39  Pylon  
  45  4:57  Phoenix  
  47  5:11  Observer, Probe  
  47  5:13  Pylon  
  47  5:24  Probe  
  47  5:27  Phoenix  
  48  5:29  Probe  
  49  5:42  Shield Battery  
  50  5:44  Adept x2  
  55  5:54  Shield Battery  
  53  6:03  Phoenix (Chrono Boost)  
  55  6:13  Pylon  
  51  6:21  Adept x2  
  51  6:22  Probe x2  
  41  6:44  Adept x2  
  45  6:49  Phoenix (Chrono Boost)  
  45  6:51  Probe  
  45  6:53  Shield Battery  
  46  7:06  Phoenix (Chrono Boost)  
  46  7:08  Stalker x2  
  52  7:13  Shield Battery  
  52  7:36  Pylon  
  52  7:37  Pylon  
  52  7:38  Pylon  
  52  7:46  Shield Battery  
  52  7:54  Sentry, Shield Battery  
  52  7:55  Sentry  
  56  8:18  Observer  
  56  8:32  Phoenix  
  56  8:33  Stalker x2  
  62  8:57  Observer  
  61  9:10  Nexus  
  61  9:11  Robotics Facility  
  61  9:15  Probe  
  61  9:27  Sentry  
  63  9:33  Pylon  
  63  9:34  Pylon  
  63  9:51  Probe (Chrono Boost)  
  63  9:52  Twilight Council  
  64  9:56  Phoenix  
  64  10:04  Probe (Chrono Boost)  
  65  10:09  Probe (Chrono Boost)  
  65  10:13  Shield Battery  
  66  10:19  Probe  
  67  10:25  Assimilator  
  67  10:29  Assimilator  
  67  10:31  Probe (Chrono Boost)  
  67  10:32  Dark Shrine  
  67  10:33  Probe (Chrono Boost)  
  69  10:36  Phoenix  
  71  10:43  Immortal (Chrono Boost)  
  71  10:47  Probe x2 (Chrono Boost)  
  75  11:14  Immortal (Chrono Boost)  
  79  11:22  Phoenix  
  79  11:30  Shield Battery  
  79  11:42  Phoenix  
  79  11:44  Immortal (Chrono Boost), Probe x2  
  85  11:56  Probe x2  
  87  12:04  Forge  
  87  12:08  Probe  
  87  12:10  Pylon, Nexus  
  87  12:12  Probe  
  89  12:19  Charge  
  89  12:20  Probe  
  90  12:23  Gateway  
  90  12:24  Probe, Gateway  
  90  12:26  Protoss Ground Weapons Level 1  
  91  12:30  Immortal (Chrono Boost)  
  91  12:33  Probe  
  96  12:39  Phoenix  
  96  12:41  Probe  
  97  12:47  Dark Templar x2  
  97  12:50  Probe  
  102  12:57  Shield Battery  
  102  13:03  Pylon  
  102  13:04  Pylon  
  102  13:16  Pylon  
  102  13:21  Probe x2, Dark Templar  
  102  13:22  Dark Templar x2  
  110  13:29  Archon, Dark Templar  
  110  13:30  Probe  
  113  13:35  Archon  
  113  13:39  Immortal (Chrono Boost)  
  115  13:48  Phoenix  
  111  14:01  Gateway  
  111  14:04  Gateway  
  111  14:06  Immortal (Chrono Boost), Gateway  
  111  14:08  Gateway  
  115  14:15  Protoss Ground Weapons Level 2 (Chrono Boost), Dark Templar  
  115  14:21  Dark Templar x3  
  115  14:22  Dark Templar  
  123  14:27  Archon x2  
  123  14:28  Pylon  
  121  14:32  Observer  
  121  14:41  Pylon, Immortal  
  125  14:56  Dark Templar x4  
  125  14:59  Zealot x2  
  137  15:00  Archon  
  137  15:08  Archon  
  137  15:09  Zealot x2  
  141  15:21  Immortal (Chrono Boost)  
  141  15:31  Pylon  
  141  15:33  Zealot  
  141  15:34  Zealot x4  
  147  15:47  Zealot x2  
  147  15:48  Zealot  
  147  15:49  Warp Prism (Chrono Boost)  
  142  15:57  Zealot x2  
  142  15:58  Zealot x2  
  150  16:06  Zealot  
  152  16:12  Zealot x2  
  140  16:27  Dark Templar x3  
  140  16:28  Dark Templar  
  140  16:32  Archon  
  148  16:33  Archon  
  148  16:41  Zealot x4  
  114  17:01  Zealot x2  
  114  17:02  Zealot x5  
  114  17:07  Zealot  
Show
View Real Time Build Order
Export as new Build Order

Lemon Protoss 

Build Orders:  

Get SALT Encoding   

  12  0:00  Probe  
  13  0:12  Probe  
  14  0:17  Pylon  
  14  0:24  Probe (Chrono Boost)  
  15  0:37  Probe (Chrono Boost)  
  15  0:39  Gateway  
  16  0:45  Probe (Chrono Boost)  
  16  0:46  Assimilator  
  17  0:51  Probe  
  17  0:56  Assimilator  
  18  1:03  Probe (Chrono Boost)  
  19  1:08  Gateway  
  19  1:12  Probe (Chrono Boost)  
  19  1:17  Probe (Chrono Boost)  
  21  1:25  Cybernetics Core  
  21  1:29  Probe  
  22  1:36  Pylon  
  22  1:41  Probe  
  23  1:54  Probe  
  24  2:01  Stalker  
  24  2:02  Warp Gate, Stalker  
  28  2:12  Pylon  
  28  2:31  Stalker  
  28  2:32  Stalker  
  28  2:37  Robotics Facility  
  32  3:03  Sentry  
  34  3:10  Shield Battery  
  32  3:19  Gateway  
  30  3:21  Immortal (Chrono Boost)  
  30  3:26  Probe  
  34  3:31  Pylon  
  34  3:35  Pylon  
  34  3:38  Probe  
  35  3:50  Warp Prism (Chrono Boost)  
  37  4:02  Sentry  
  39  4:03  Adept  
  41  4:16  Pylon, Immortal (Chrono Boost)  
  45  4:26  Adept  
  47  4:48  Immortal (Chrono Boost)  
  51  4:54  Gateway  
  51  4:56  Pylon  
  51  5:02  Sentry x2  
  51  5:25  Immortal (Chrono Boost)  
  51  5:28  Adept x2  
  55  5:45  Pylon  
  55  5:50  Stalker x2  
  55  5:54  Stalker  
  57  6:21  Stalker x3  
  53  6:45  Stalker x2  
  53  6:50  Stalker  
  55  7:08  Sentry  
  55  7:09  Nexus  
  55  7:13  Pylon  
  57  7:32  Immortal (Chrono Boost)  
  61  7:39  Stalker  
  63  7:45  Adept  
  65  7:52  Adept  
  67  8:07  Stalker  
  69  8:13  Stalker  
  68  8:38  Stalker x2  
  68  8:41  Sentry  
  70  9:06  Stalker x2  
  70  9:07  Adept  
  70  9:08  Shield Battery  
  76  9:24  Phoenix  
  76  9:31  Adept x3  
  82  9:39  Probe  
  82  9:40  Probe  
  84  9:47  Pylon  
  84  9:52  Probe x2  
  86  9:57  Twilight Council  
  86  10:05  Probe  
  87  10:10  Pylon  
  87  10:20  Stalker x2  
  91  10:22  Probe x2  
  91  10:27  Blink (Chrono Boost)  
  93  10:39  Stalker  
  93  10:41  Probe x2  
  97  10:52  Phoenix  
  97  10:59  Nexus  
  97  11:05  Pylon  
  97  11:07  Probe  
  97  11:08  Probe  
  99  11:14  Stalker  
  99  11:17  Observer  
  99  11:21  Probe x2  
  99  11:25  Stalker  
  104  11:33  Probe x2  
  104  11:34  Stalker  
  106  11:49  Observer (Chrono Boost)  
  107  11:58  Probe x2  
  109  12:03  Shield Battery  
  109  12:07  Pylon  
  109  12:08  Pylon  
  109  12:11  Probe x2  
  109  12:12  Probe  
  112  12:15  Stalker  
  112  12:19  Stalker  
  116  12:23  Probe  
  116  12:25  Forge  
  117  12:33  Stalker, Probe  
  120  12:40  Probe  
  120  12:41  Probe  
  122  12:44  Gateway  
  122  12:47  Gateway  
  122  12:50  Stalker x2  
  126  12:57  Protoss Ground Weapons Level 1 (Chrono Boost)  
  126  13:03  Photon Cannon  
  124  13:06  Photon Cannon  
  124  13:10  Probe x2  
  126  13:14  Stalker x2  
  126  13:18  Stalker  
  132  13:38  Stalker x2  
  132  13:39  Observer  
  132  13:40  Probe x3  
  138  13:41  Assimilator x2  
  138  13:52  Probe x2  
  130  13:57  Charge  
  130  14:01  Probe  
  131  14:04  Probe  
  131  14:07  Phoenix  
  129  14:10  Nexus  
  129  14:11  Photon Cannon  
  129  14:16  Probe x3  
  132  14:22  Pylon  
  132  14:26  Stalker x3  
  132  14:27  Stalker  
  132  14:28  Probe  
  132  14:29  Pylon  
  141  14:33  Pylon  
  141  14:37  Shield Battery  
  141  14:40  Probe  
  141  14:42  Stalker  
  141  14:44  Protoss Ground Weapons Level 2 (Chrono Boost)  
  144  14:59  Shield Battery  
  144  15:00  Stalker x4  
  152  15:11  Unknown  
  150  15:30  Stalker x3  
  150  15:31  Stalker x2  
  150  15:34  Gateway  
  160  15:37  Gateway  
  141  15:55  Stalker x5  
  150  16:10  Gateway  
  144  16:24  Zealot x5  
  143  16:33  Stalker x2  
  145  16:44  Stalker x5  
  109  17:04  Stalker x2  
Tags
 
Add a new tag
Caveats
  • Supply blocks, unpowered buildings, or Contaminate may cause inaccurate times.
  • Supply counts are checked every 10 seconds.